 Dungeon Crawl Stone Soup version 0.29-a0-620-g13ace881f2 (webtiles) character file.

Game seed: 14001461794401233944

1227 IdlyInterested the Cudgeller (level 8, -11/91 HPs)
             Began as a Demonspawn Fighter on June 18, 2022.
             Killed by divine providence
             ... invoked by an orc priest
              (14 damage)
             ... on level 5 of the Dungeon.
             The game lasted 00:13:45 (5181 turns).

IdlyInterested the Cudgeller (Demonspawn Fighter)   Turns: 5181, Time: 00:13:46

Health: -11/91     AC: 24    Str: 17    XL:     8   Next: 23%
Magic:  19/19      EV:  2    Int: 10    God:
Gold:   17         SH:  5    Dex: 14    Spells: 9/9 levels left

rFire   . . .      SeeInvis +   a - +1 flail (spect)
rCold   . . .      Faith    .   c - +1 buckler
rNeg    . . .      Spirit   .   (body armour currently unavailable)
rPois   +          Reflect  .   (helmet currently unavailable)
rElec   .          Harm     .   (cloak currently unavailable)
rCorr   .          Rampage  .   (gloves currently unavailable)
Will    .....      NoTele   +   (boots currently unavailable)
Stlth   ++........              (no amulet)
HPRegen 0.25/turn               o - ring of magical power
MPRegen 0.16/turn               m - ring of see invisible

@: agile, tree-form
A: stationary, stasis, torment immunity, boosted hp, (antennae 2), (icy blue
scales 1), demonic guardian 1, powered by pain 1, (fire resistance 1), mutation
resistance 1, screaming 1, (electricity resistance)
a: no special abilities


You were on level 5 of the Dungeon.
You were a tree.
You visited 1 branch of the dungeon, and saw 5 of its levels.

You collected 217 gold pieces.
You spent 200 gold pieces at shops.

Inventory:

Hand Weapons
 a - a +1 spectral flail (weapon)
 u - a +0 whip of flaming
Missiles
 f - 11 curare-tipped darts
 k - 96 stones
 n - 4 javelins
 x - a poisoned dart (quivered)
Armour
 c - a +1 buckler (worn)
 j - a +0 plate armour (melded)
 s - a +0 pair of gloves (melded)
Jewellery
 m - a ring of see invisible (right branch)
 o - a ring of magical power (left branch)
Wands
 v - a wand of flame (26)
Scrolls
 e - 2 scrolls of poison
 g - a scroll of fog
 h - a scroll of brand weapon
 i - a scroll of vulnerability
 w - 2 scrolls of magic mapping
 y - a scroll of teleportation
Potions
 d - a potion of might
 p - a potion of resistance
 r - 2 potions of attraction
 t - a potion of magic


   Skills:
 * Level 4.7 Fighting
 * Level 6.7 Maces & Flails
 - Level 1.0 Throwing
 - Level 2.6 Armour
 - Level 4.0 Dodging
 - Level 1.0 Stealth
 - Level 2.6 Shields
 + Level 1.3 Spellcasting
 - Level 2.0 Evocations


You had 9 spell levels left.
You didn't know any spells.
Your spell library contained the following spells:

 Spells                   Type           Power      Damage    Failure   Level
 Magic Dart               Conj           0%         1d3       41%         1
 Call Imp                 Summ           0%         N/A       54%         2
 Sublimation of Blood     Necr           0%         N/A       54%         2
 Wereblood                Tmut           0%         N/A       54%         2
 Frozen Ramparts          Ice            0%         1d2       78%         3
 Mephitic Cloud           Conj/Pois/Air  0%         N/A       78%         3
 Tukima's Dance           Hex            0%         N/A       78%         3
 Ice Form                 Ice/Tmut       0%         N/A       99%         4
 Passage of Golubria      Tloc           0%         N/A       99%         4
 Summon Ice Beast         Ice/Summ       0%         N/A       99%         4
 Yara's Violent Unravell  Hex/Tmut       0%         3d3       100%        5
 Summon Hydra             Summ           0%         N/A       100%        7


Dungeon Overview and Level Annotations

Branches:
Dungeon (5/15)
 Temple: D:4-7

Altars:
Dithmenos
Fedhas
Kikubaaqudgha
Uskayaw

Shops:
D:4 (

Annotations:
D:5 1 runed translucent door


Innate Abilities, Weirdness & Mutations

You are a tree.
Your roots penetrate the ground, keeping you stationary.
You cannot be teleported.
You are immune to unholy pain and torment.
Your maximum health is greatly increased.
Your equipment is partially melded.
((You have a pair of antennae on your head.))
((You are partially covered in icy blue scales. (AC +2)))
A weak demonic guardian rushes to your aid.
You sometimes gain a little power by taking damage.
((Your flesh is heat resistant. (rF+)))
You are somewhat resistant to further mutation.
You occasionally shout uncontrollably at your foes.
((You are resistant to electric shocks. (rElec)))


Message History

Press: ? - help, Q - select action, (/) - cycle Shift-Dir - straight line, f/p - orc priest
Aim: an orc priest, wielding a +0 mace and wearing a +0 leather armour (lightly wounded, poisoned, 60% to hit)
You throw a poisoned dart.
The poisoned dart barely misses the orc priest.
The orc priest calls down the wrath of Beogh upon you.
Beogh smites you!
* * * LOW HITPOINT WARNING * * *
A demonic guardian appears!
You focus on the pain.
You feel agile all of a sudden. What are your orders? t - Creak!
Orders for allies: a - Attack new target. p - Attack previous target. r - Retreat! s - Stop attacking. g - Guard the area. f - Follow me.
Anything else - Cancel.
Gang up on whom?
Press: ? - help, Dir - move target, f/p - orc priest
Aim: an orc priest, wielding a +0 mace and wearing a +0 leather armour (moderately wounded, poisoned, ally target) Attack!
Throw: 2 darts (poison)
Press: ? - help, Q - select action, (/) - cycle Shift-Dir - straight line, f/p - orc priest
Aim: an orc priest, wielding a +0 mace and wearing a +0 leather armour (moderately wounded, poisoned, ally target, 60% to hit)
You throw a poisoned dart. The poisoned dart hits the orc priest.
The orc priest looks even sicker.
The orc priest is moderately wounded.
The orc priest completely misses your shadow imp.
Your shadow imp closely misses the orc priest.
The orc priest barely misses your shadow imp.
Your shadow imp hits the orc priest but does no damage.
An orc wizard comes into view. It is wielding a +0 dagger.
You creak at the orc wizard!
The orc priest hits your shadow imp with a +0 mace.
Your shadow imp hits the orc priest but does no damage.
You hear a shout! x2
The orc priest hits your shadow imp but does no damage.
An orc priest comes into view. It is wielding a +0 mace of protection.
Your shadow imp hits the orc priest but does no damage.
The orc priest invokes the aid of Beogh against you.
Beogh smites you!
You die...

#### # #.>. #. ...
###.######.##
##....♣#.<...##
#....$5†......##
#......o.....((...
#......(.)......##
......†).....####
#.....o......#
#)...........#
#.....o(.....#
##...........+o


You could see 2 orc priests, an orc wizard (invisible) and a friendly shadow imp
(summoned).

Vanquished Creatures
  Pikel (D:4)
  An orc warrior (D:5)
  A black bear (D:4)
  An ogre (D:4)
  A necrophage (D:5)
  A howler monkey (D:5)
  2 hounds (D:4)
  A jelly (D:2)
  An orc priest (D:5)
  Natasha (thrice) (D:2)
  An orc wizard (D:5)
  Robin (D:2)
  7 gnolls
  3 adders (D:4)
  3 worms
  A dart slug (D:3)
  5 orcs
  5 ball pythons
  2 bats
  6 endoplasms
  3 giant cockroaches
  9 goblins (D:2)
  8 hobgoblins
  7 jackals
  3 quokkas
  3 frilled lizards
  3 kobolds
  8 rats
91 creatures vanquished.

Vanquished Creatures (collateral kills)
  An adder (D:5)
  A quokka (D:5)
2 creatures vanquished.

Vanquished Creatures (others)
  9 fungi (D:3)
  12 plants (D:2)
21 creatures vanquished.

Grand Total: 114 creatures vanquished

Notes
Turn   | Place    | Note
-------+----------+-------------------------------------------
     0 | D:1      | IdlyInterested the Demonspawn Fighter began the quest for
                  | the Orb.
     0 | D:1      | Reached XP level 1. HP: 18/18 MP: 1/1
   141 | D:1      | Reached skill level 2 in Maces & Flails
   150 | D:1      | Gained mutation: You have a pair of small antennae on your
                  | head. [demonic ancestry]
   150 | D:1      | Reached XP level 2. HP: 23/24 MP: 2/2
   447 | D:1      | Reached skill level 1 in Dodging
  1651 | D:2      | Gained mutation: You sometimes gain a little power by
                  | taking damage. [demonic ancestry]
  1651 | D:2      | Reached XP level 3. HP: 15/29 MP: 3/3
  1810 | D:2      | Reached skill level 1 in Stealth
  2020 | D:2      | Noticed Robin
  2034 | D:2      | Killed Robin
  2551 | D:2      | Noticed Natasha
  2556 | D:2      | Killed Natasha
  2557 | D:2      | Gained mutation: A weak demonic guardian rushes to your
                  | aid. [demonic ancestry]
  2557 | D:2      | Reached XP level 4. HP: 31/35 MP: 4/4
  2704 | D:2      | Reached skill level 3 in Maces & Flails
  2799 | D:2      | Reached skill level 1 in Throwing
  2891 | D:2      | Noticed Natasha
  2896 | D:2      | Killed Natasha
  2897 | D:2      | Gained mutation: You are partially covered in icy blue
                  | scales. (AC +2) [demonic ancestry]
  2897 | D:2      | Reached XP level 5. HP: 41/41 MP: 5/5
  3123 | D:2      | Noticed Natasha
  3127 | D:2      | Killed Natasha
  3191 | D:2      | Gained mutation: You occasionally shout uncontrollably at
                  | your foes. [potion of mutation]
  3191 | D:2      | Gained mutation: You are somewhat resistant to further
                  | mutation. [potion of mutation]
  3191 | D:2      | Gained mutation: You are resistant to electric shocks.
                  | (rElec) [potion of mutation]
  3191 | D:2      | Gained mutation: Your flesh is heat resistant. (rF+)
                  | [potion of mutation]
  3506 | D:3      | Found a blossoming altar of Fedhas.
  3539 | D:3      | Reached skill level 1 in Evocations
  3721 | D:3      | Found a hide-covered altar of Uskayaw.
  3878 | D:3      | Found a shadowy altar of Dithmenos.
  3880 | D:3      | Found an ancient bone altar of Kikubaaqudgha.
  4132 | D:4      | Reached XP level 6. HP: 40/47 MP: 6/6
  4151 | D:4      | Reached skill level 4 in Maces & Flails
  4677 | D:4      | Found Jirola's Antique Weapon Emporium.
  4932 | D:4      | Noticed Pikel
  4943 | D:4      | Killed Pikel
  4944 | D:4      | Reached skill level 6 in Maces & Flails
  4944 | D:4      | Gained mutation: You have a pair of antennae on your head.
                  | [demonic ancestry]
  4944 | D:4      | Reached XP level 7. HP: 54/54 MP: 7/7
  5125 | D:4      | Bought a masterwork hand axe for 200 gold pieces
  5125 | D:4      | Identified the +1 hand axe "Putahipp" {venom, Will+ MP+9}
                  | (You bought it in a shop on level 4 of the Dungeon)
  5136 | D:5      | Entered Level 5 of the Dungeon
  5137 | D:5      | Found a runed translucent door.
  5146 | D:5      | Reached XP level 8. HP: 19/61 MP: 9/9
  5147 | D:5      | Reached skill level 1 in Spellcasting
  5174 | D:5      | HP: 2/91 [orc priest/divine providence (12)]
  5181 | D:5      | Killed from afar by an orc priest

Illustrated notes

Levels and vault maps discovered:
D:1:      dpeg_arrival_brainrot, layout_loops_corners
D:2:      minmay_inner_zag, layout_basic, serial_bayou_lake_a, uniq_natasha,
          uniq_robin
D:3:      layout_basic, mainiacjoe_overflow_catch_the_wave,
          mainiacjoe_overflow_big_doors, minmay_distorted
D:4:      layout_basic, serial_shops, shop, chequers_serial_rivers_micro_a,
          dreamdust_princess_corridor, hangedman_abyss_or_decor_slice,
          uniq_pikel
D:5:      layout_rooms, mainiacjoe_overflow_brackets,
          minmay_temple_entry_enclosed_plants, minmay_parallelograms,
          lightli_church_of_beogh

Skill      XL: |  1  2  3  4  5  6  7  8 |
---------------+-------------------------+-----
Maces & Flails | 2 3 6 |  6.7
Dodging        | 1 2 3 4 |  4.0
Stealth        | 1 |  1.0
Throwing       | 1 |  1.0
Evocations     | 1 2 |  2.0
Fighting       | 4 |  4.7
Spellcasting   | 1 |  1.3
Armour         | |  2.6
Shields        | |  2.6

Action                   |  1- 3 |  4- 6 |  7- 9 || total
-------------------------+-------+-------+-------++-------
Melee: Flail             |   137 |   115 |    19 ||   271
Throw: Stone             |    11 |    15 |     1 ||    27
       Dart              |     1 |     4 |     6 ||    11
  Use: Potion            |     4 |     4 |     1 ||     9
       Scroll            |     2 |     7 |     3 ||    12
Armor: Scale mail        |    23 |       |       ||    23
       Plate armour      |    44 |    66 |    17 ||   127
       Skin              |       |       |     2 ||     2
Dodge: Dodged            |    35 |    34 |     6 ||    75
Block: Buckler           |    39 |    22 |     1 ||    62

Table legend: (Time is in decaauts)
 A = Elapsed time spent in this place.
 B = Non-inter-level travel time spent in this place.
 C = Inter-level travel time spent in this place.
 D = Time resting spent in this place.
 E = Time spent auto-exploring this place.
 F = Levels seen in this place.
 G = Mean time per level.
                   A        B        C        D        E       F      G
               +--------+--------+--------+--------+--------+-----+--------+
         Total |   5303 |   5227 |     76 |    741 |   3496 |   5 | 1060.6 |
       Dungeon |   5303 |   5227 |     76 |    741 |   3496 |   5 | 1060.6 |
               +--------+--------+--------+--------+--------+-----+--------+

Top non-repeatable levels by time:
     D:2: 2209 daAuts
     D:4: 1236 daAuts
     D:1: 1182 daAuts
     D:3: 629 daAuts
     D:5: 46 daAuts
